 Dungeon Crawl Stone Soup version 0.21.1-1-g345015f (webtiles) character file.

123 homeworkjunkie the Chopper (level 5, -8/47 HPs)
             Began as a Hill Orc Fighter on Feb 16, 2018.
             Killed from afar by a kobold (11 damage)
             ... with an exploding inner flame
             ... hexed by the player character
             ... on level 3 of the Dungeon.
             The game lasted 00:01:06 (373 turns).

homeworkjunkie the Chopper (Hill Orc Fighter)        Turns: 373, Time: 00:01:06

Health: -8/47      AC: 10    Str: 25    XL:     5   Next: 7%
Magic:  5/5        EV:  7    Int:  8    God:
Gold:   28         SH: 10    Dex: 10    Spells: 4/4 levels left

rFire    . . .     SeeInvis .   a - +0 war axe
rCold    . . .     Gourm    .   c - +0 shield
rNeg     . . .     Faith    .   b - +0 scale mail
rPois    .         Spirit   .   (no helmet)
rElec    .         Reflect  .   (no cloak)
rCorr    .         Harm     .   (no gloves)
MR       .....                  i - +2 pair of boots
Stlth    ..........             (no amulet)
HPRegen  0.15/turn              (no ring)
MPRegen  0.09/turn              (no ring)

@: mighty
A: no striking features
a: no special abilities


You were on level 3 of the Dungeon.
You were not hungry.

You visited 1 branch of the dungeon, and saw 4 of its levels.

You collected 28 gold pieces.

Inventory:

Hand Weapons
 a - a +0 war axe (weapon)
Armour
 b - a +0 scale mail (worn)
 c - a +0 shield (worn)
 i - a +2 pair of boots (worn)
Scrolls
 j - a scroll of magic mapping {unknown}
Potions
 e - 2 potions of heal wounds {unknown}
 g - a potion of cancellation {unknown}
Comestibles
 f - 3 rations


   Skills:
 * Level 4.4 Fighting
 * Level 4.5 Axes
 * Level 3.9 Armour
 + Level 0.3 Dodging
 * Level 4.1 Shields


You had 4 spell levels left.
You didn't know any spells.

Dungeon Overview and Level Annotations

Branches:
Dungeon (4/15)
 Temple: D:4-7

Altars:
The Shining One

Annotations:
D:3 Autsider's ghost, amateur HOFi
D:4 Autsider's ghost, amateur HOMo


Message History

You feel stronger.
You hit Autsider's ghost. Autsider's ghost hits you.
* * * LOW HITPOINT WARNING * * *
You block Autsider's ghost's attack. Autsider's ghost barely misses you.
A kobold comes into view. It is wielding a dagger.
The kobold shouts!
The kobold throws a stone.
The stone barely misses you.
The stone hits Autsider's ghost but does no damage.
The kobold hits you with a dagger.
* * * LOW HITPOINT WARNING * * *
As you read the scroll labeled PAULOL FUEXAI, it crumbles to dust.
The creatures around you are filled with an inner flame!
It was a scroll of immolation.
The kobold hits you but does no damage. Autsider's ghost hits you.
* * * LOW HITPOINT WARNING * * *
You slash the kobold!
The kobold explodes!
The fiery explosion engulfs you!
You die...

##.######## #.# . .... ..#
####.#### #.#..# #.#
#.......# #.#..###.######
#.......# ............(#
#.......# #...##......#
#.......# ####...##......#
#.<>....#
....[.......(..####....>.)#
#####.#.#>.....W@§§.......#
#.#.#.########§#.######
#.....# #.#.# ###.### #.#.#
#.# #.#.# ... ..#.# ....
..#.# .# ..#.#


You could see Autsider's ghost (inner flame).

Vanquished Creatures
  Purgy (D:3)
  2 adders (D:2)
  An orc (D:3)
  3 goblins (D:2)
  2 hobgoblins (D:2)
  2 jackals (D:2)
  3 kobolds (D:2)
  A quokka (D:2)
  A ball python (D:2)
  2 rats (D:2)
18 creatures vanquished.

Notes
Turn   | Place    | Note
-------+----------+-------------------------------------------
     0 | D:1      | homeworkjunkie the Hill Orc Fighter began the quest for the Orb.
     0 | D:1      | Reached XP level 1. HP: 19/19 MP: 1/1
    48 | D:1      | Found a glowing golden altar of the Shining One.
   102 | D:2      | Reached XP level 2. HP: 23/27 MP: 2/2
   149 | D:2      | Reached XP level 3. HP: 25/33 MP: 3/3
   339 | D:4      | Noticed Autsider's ghost (amateur HOMo)
   343 | D:3      | Noticed Purgy
   357 | D:3      | Noticed Autsider's ghost (amateur HOFi)
   360 | D:3      | Killed Purgy
   360 | D:3      | Reached XP level 4. HP: 7/41 MP: 4/4
   360 | D:3      | Reached XP level 5. HP: 9/47 MP: 5/5
   373 | D:3      | Killed from afar by a kobold

Skill      XL: |  1  2  3 |
---------------+----------+-----
Axes           | 3 4 |  4.5
Fighting       | 4 |  4.4
Shields        | 4 |  4.1
Armour         | |  3.9
Dodging        | |  0.3

Action                   |  1- 3 |  4- 6 || total
-------------------------+-------+-------++-------
Melee: War axe           |    53 |     1 ||    54
  Use: Potion            |     1 |       ||     1
       Scroll            |       |     1 ||     1
Armor: Scale mail        |    50 |       ||    50
Dodge: Dodged            |    26 |     2 ||    28
Block: Shield            |    49 |     1 ||    50
